 Dungeon Crawl Stone Soup version 0.31.0-11-ge490571c62 (webtiles) character file.

Game seed: 11016962288644442372

8 browni3141 the Conjurer (level 2, 19/19 HPs)
             Began as a Demonspawn Conjurer on Jan 30, 2024.
             Got out of the dungeon alive.
             The game lasted 00:00:33 (321 turns).

browni3141 the Conjurer (Demonspawn Conjurer)        Turns: 321, Time: 00:00:34

Health: 19/19      AC:  2    Str:  7    XL:     2   Next: 0%
Magic:  4/5        EV: 12    Int: 20    God:
Gold:   28         SH:  0    Dex: 11    Spells: 4/5 levels left

rFire   . . .        g - +0 club
rCold   . . .        (no shield)
rNeg    . . .        a - +0 robe
rPois   .            (no helmet)
rElec   .            (no cloak)
rCorr   .            (no gloves)
SInv    .            (no boots)
Will    .....        (no amulet)
Stlth   ++           (no ring)
HPRegen 0.23/turn    (no ring)
MPRegen 0.09/turn

%: no passive effects
@: no status effects
A: big brain 1
a: no special abilities


You escaped.
You visited 1 branch of the dungeon, and saw 1 of its levels.

You collected 28 gold pieces.

Inventory:

Hand Weapons
 g - a +0 club (weapon)
Armour
 a - a +0 robe (worn)
Scrolls
 c - a scroll of brand weapon {unknown}
 d - a scroll of amnesia {unknown}
 e - a scroll of fog {unknown}
 f - a scroll of immolation {unknown}
Potions
 b - a potion of magic


   Skills:
 + Level 2.0 Dodging
 + Level 2.0 Stealth
 + Level 2.1 Spellcasting
 + Level 4.1 Conjurations


You had 4 spell levels left.
You knew the following spells:

 Your Spells              Type           Power      Damage    Failure   Level
a - Magic Dart            Conj           72%        1d6       3%          1

Your spell library contained the following spells:

 Spells                   Type           Power      Damage    Failure   Level
 Searing Ray              Conj           36%        2d5       4%          2
 Volatile Blastmotes      Fire/Tloc      4%         2d10      43%         3
 Fulminant Prism          Conj/Alch      5%         3d6       54%         4
 Iskenderun's Mystic Bla  Conj/Tloc      10%        2d4       54%         4


Dungeon Overview and Level Annotations

Branches:
Dungeon (1/15)

Altars:


Innate Abilities, Weirdness & Mutations

You have an unusually large brain. (Int +2)


Message History

You can't see any susceptible monsters within range! (Use Z to cast anyway.)
A hobgoblin comes into view.
A hobgoblin is nearby!
A hobgoblin is nearby!
You miscast Magic Dart.
You are very lightly contaminated with residual magic.
Nothing appears to happen.
The hobgoblin shouts!
The magic dart hits the hobgoblin.
The hobgoblin is moderately wounded.
A bat comes into view.
The magic dart hits the hobgoblin.
The hobgoblin is heavily wounded.
A ball python comes into view.
You are out of magic!
You are out of magic!
The bat completely misses you.
Your magical contamination has completely faded away.
The bat barely misses you.
You hit the bat but do no damage. The bat misses you.
The bat hits you but does no damage. The hobgoblin barely misses you.
The bat barely misses you.
You hit the bat.
The bat is severely wounded.
The bat hits you but does no damage. The bat misses you.
The hobgoblin hits you. The bat misses you.
The bat hits you but does no damage.
You miss the bat. The bat hits you. The hobgoblin closely misses you.
The bat hits you but does no damage. The hobgoblin closely misses you.
The bat hits you but does no damage. The bat hits you.
The hobgoblin closely misses you. The bat hits you but does no damage.
The hobgoblin attacks as it pursues you!
The hobgoblin completely misses you. The bat closely misses you.
The bat hits you but does no damage.
There is an escape hatch in the floor here.
The bat hits you but does no damage.
Aiming: Magic Dart (safe; 3% risk of failure)
Press: ? - help, Q - select action Shift-Dir - straight line, f - bat
Aim: a bat (100% to hit)
Okay, then.
You miss the bat. The bat barely misses you. The bat hits you.
You miss the bat. The bat barely misses you.
Aiming: Magic Dart (safe; 3% risk of failure)
Press: ? - help, Q - select action Shift-Dir - straight line, f/p - hobgoblin
Aim: a hobgoblin (moderately wounded, 100% to hit)
The magic dart hits the hobgoblin.
The hobgoblin is severely wounded.
The hobgoblin hits you.
The hobgoblin attacks as it pursues you!
The hobgoblin misses you.
There is a stone staircase leading down here.
Aiming: Magic Dart (safe; 3% risk of failure)
Press: ? - help, Q - select action Shift-Dir - straight line, f/p - hobgoblin
Aim: a hobgoblin (severely wounded, 100% to hit)
The magic dart hits the hobgoblin.
You kill the hobgoblin!
You closely miss the bat. The bat hits you but does no damage.
The bat barely misses you. The bat attacks as it pursues you!
The bat hits you but does no damage. x3
The bat misses you. The bat hits you but does no damage.
The bat barely misses you. The bat hits you but does no damage.
The magic dart hits the bat but does no damage.
The bat hits you but does no damage. The bat barely misses you.
The bat barely misses you. The bat closely misses you.
The bat hits you but does no damage. The bat barely misses you.
The bat hits you but does no damage. The bat hits you but does no damage.
You see here a +0 club.
You miscast Magic Dart.
You are very lightly contaminated with residual magic.
Nothing appears to happen.
The bat barely misses you.
g - a +0 club (weapon)
You are out of magic!
You hit the bat.
You kill the bat!
Your Stealth skill increases to level 2!
No target in view!
No target in view!
HP restored.
Your magical contamination has completely faded away.
You see here a +0 dagger.
You now have 28 gold pieces (gained 4).
A ball python is nearby!
A ball python is nearby!
The magic dart hits the ball python.
You kill the ball python!
Your Dodging skill increases to level 2!
You have reached level 2!
Your demonic ancestry asserts itself...
Your brain expands.
There is a staircase leading out of the dungeon here.
You have escaped!

...................##.......
..#.................#......
####............#....##...
.....†.........#.#...##.##
####..........#...#......###
#.....#####.....#####...#
####......#.....(.....#....#
..##..)....#.........#.....#
...........#....@....#..#### .#
##.#.#....#...........#..####.#
##.......#####.....#####......##
##...........#...#..............
##...........#.#..###..........
##...........#.)## #....[.....
#####.........#...## #..........
..##..........#########..........
..............######.............


There were no monsters in sight!

Vanquished Creatures
  A ball python (D:1)
  A giant cockroach (D:1)
  2 goblins (D:1)
  A hobgoblin (D:1)
  A bat (D:1)
  A kobold (D:1)
7 creatures vanquished.

Notes
Turn   | Place    | Note
-------+----------+-------------------------------------------
     0 | D:1      | browni3141 the Demonspawn Conjurer began the quest for the
                  | Orb.
     0 | D:1      | Reached XP level 1. HP: 13/13 MP: 3/3
   307 | D:1      | Gained mutation: You have an unusually large brain. (Int
                  | +2) [demonic ancestry]
   307 | D:1      | Reached XP level 2. HP: 19/19 MP: 3/5
   321 | D:$      | Got out of the dungeon alive.

Illustrated notes

Levels and vault maps discovered:
D:1:      scummos_arrival_star, layout_rooms, chequers_serial_rivers_micro_a,
          minmay_small_reverse_x

Skill      XL: |  1 |
---------------+----+-----
Stealth        | 2 |  2.0
Dodging        | 2 |  2.0
Spellcasting   | |  2.1
Conjurations   | |  4.1

Action                     || total
---------------------------++-------
  Melee: Unarmed           ||     6
         Club              ||     1
   Cast: Magic Dart        ||    12
 Armour: Robe              ||    23
  Dodge: Dodged            ||    23
